[Event "AUT Bundesliga 2024-25"]
[Site "Austria"]
[Date "2025.04.02"]
[Round "6.34"]
[White "Bosiocic, Marin"]
[Black "Votava, Jan"]
[Result "0-1"]
[Annotator "TA"]
[ECO "E06"]
[WhiteElo "2522"]
[BlackElo "2455"]
[PlyCount "134"]
[EventDate "2024.08.28"]
[EventType "team-tourn"]
[EventCountry "AUT"]
[SourceTitle "playchess.com"]
[Source "ChessBase"]
[SourceQuality "1"]
[TimeControl "40/5400+30:1800+30"]

1. d4 Nf6 2. c4 e6 3. g3 d5 4. Bg2 Be7 5. Nf3 O-O 6. O-O a5 7. Nc3 {[%emt 0:01:41] E06: Closed Catalan: Early deviations.} Na6 (7... dxc4 $11 8. Ne5 c6) 8. Ne5 $14 c6 9. e4 $146 {[%emt 0:01:03] White is better.} (9. a3 Nc7 10. c5 Rb8 11. Na4 Nd7 12. Nxd7 Bxd7 13. Nb6 Na8 14. Nxa8 Rxa8 15. Qb3 {0-1 Sihite,C (2252)-Chasin,N (2297) Titled Tuesday intern op 31st Aug blitz 2021 (2)}) 9... dxc4 10. Nxc4 (10. Bf4 $16) 10... b5 11. Ne3 Rb8 12. e5 Nd5 13. Ncxd5 cxd5 14. Ng4 (14. f4 $14) 14... Nc7 15. h4 b4 16. Be3 Ba6 17. Re1 Qd7 18. h5 Rfc8 19. h6 g6 20. Nf6+ Bxf6 21. exf6 Ne8 22. Bf4 Rb6 23. Be5 Nd6 24. Rc1 Nc4 25. b3 Nxe5 26. Rxc8+ Qxc8 27. dxe5 Qc5 28. Bf1 Bxf1 29. Kxf1 $11 {[%emt 0:00:06][%mdl 4096] Endgame KQR-KQR} Rc6 30. Qd3 Kf8 31. Ra1 Ke8 32. Ke2 (32. Rd1 $11) 32... Kd7 33. Qe3 Qb5+ 34. Kd2 Rc3 35. Qd4 Kc6 36. g4 (36. a3 $1 $11) 36... Qc5 (36... a4 $17 {and ...Qa5 would now be decisive} 37. Rb1 axb3 38. Rxb3 Rxb3 39. axb3 Qa5) 37. Qxc5+ Kxc5 {[%emt 0:00:16] KR-KR} 38. a3 $1 Rxb3 39. axb4+ Kxb4 40. Rc1 Rb2+ 41. Ke3 {[%emt 0:31:46] aiming for Rc7.} d4+ 42. Kd3 (42. Kxd4 Rd2+ 43. Ke3 Rd7) 42... a4 $1 (42... Rxf2 $2 43. Rc7 $18) 43. f4 $2 {[%emt 0:00:00][%mdl 8192] White is now going downhill.} (43. Rc4+ $11 Kb5 44. Rc7) 43... a3 $19 44. f5 (44. Rc4+ $142 Kb5 (44... Kb3 45. Rc7 $17) 45. Rc7) 44... a2 {[%emt 0:01:43] Black is clearly winning.} (44... exf5 $2 45. e6 Rb3+ (45... fxg4 $2 46. exf7 Rb3+ 47. Ke4 $18) (45... fxe6 $2 46. f7 $18) 46. Kxd4 $18) 45. fxe6 fxe6 46. Ra1 Kb3 47. Kxd4 Rc2 (47... Rb1 $142 48. Rxa2 Rd1+ (48... Kxa2 $2 49. Kc5 $19) 49. Kc5 Kxa2) 48. Rf1 Rc4+ 49. Ke3 Rc7 (49... Rxg4 $2 50. f7 Ra4 (50... Rg3+ $2 51. Kf4 $18) 51. f8=Q $18 (51. f8=R a1=Q $14)) 50. Kd3 Ra7 51. f7 {[%emt 0:04:38] [#]} Rd7+ $1 (51... a1=B 52. f8=Q (52. f8=R Bxe5 53. R8f7 Ra4 $18) 52... Bxe5 53. Qc5 (53. Rb1+ Ka2 $18) 53... Rd7+ 54. Ke2 Bc3 55. Qb5+ (55. Rf3 Rd2+ 56. Kf1 Rc2 $18) 55... Ka3 56. Qxd7) (51... Rxf7 52. Rxf7 a1=R (52... a1=Q $2 {loses.} 53. Rb7+ Ka3 54. Ra7+ Kb2 55. Rxa1 $18) 53. Rb7+ (53. Rxh7 Rd1+ 54. Ke3 g5 $18) 53... Ka3 54. Ra7+ (54. Rxh7 Kb4 $18) 54... Kb2 55. Rxa1 (55. Rxh7 Rg1 $18) 55... Kxa1 56. Kc4 $18) 52. Ke4 {[%emt 0:00:02] [#]} Rxf7 $3 53. Rxf7 a1=Q ({And not} 53... a1=B 54. Rxh7 g5 55. Rb7+ Kc2 56. h7 Bxe5 57. Kxe5 Kd3 58. h8=Q (58. h8=R Kd2 59. Rb2+ Kc3 60. Rhh2 Kc4 61. Rh3 Kc5 62. Rc3#)) 54. Rxh7 {[%emt 0:00:02] KQ-KR} Qb1+ 55. Kd4 Qb2+ 56. Ke4 Qc2+ 57. Ke3 Qh2 58. Rb7+ Kc4 59. h7 Qxe5+ 60. Kf3 Qh8 61. Kf4 Qf6+ 62. Ke4 g5 63. Rc7+ Kb5 64. Rf7 Qh8 (64... Qxf7 $2 65. h8=Q $17) 65. Re7 Kc5 66. Ra7 Qd4+ 67. Kf3 Qf4+ {[%emt 0:00:08] Weighted Error Value: White=0.49/Black=0.25 (precise)   Loses game:     	White=1     	---        Mistake:       	White=5     	Black=2      Inaccurate:     	White=3     	Black=6      OK:         	White=14    	Black=17     Best:        	White=2     	Black=4      Strong:       	White=1     	Black=1} 0-1

[Event "AUT Bundesliga 2024-25"]
[Site "Austria"]
[Date "2025.04.02"]
[Round "6.35"]
[White "Maiwald, Jens-Uwe"]
[Black "Livaic, Leon"]
[Result "1-0"]
[Annotator "TA"]
[ECO "C41"]
[WhiteElo "2423"]
[BlackElo "2536"]
[PlyCount "49"]
[EventDate "2024.08.28"]
[EventType "team-tourn"]
[EventCountry "AUT"]
[SourceTitle "playchess.com"]
[Source "ChessBase"]
[SourceQuality "1"]
[TimeControl "40/5400+30:1800+30"]

1. e4 d6 2. d4 Nf6 3. Nc3 e5 4. Nf3 Nbd7 5. Rg1 c6 6. g4 {[%emt 0:01:23] C41: Philidor Defence.} h6 7. h4 exd4 8. Nxd4 {[%emt 0:00:48] The position is equal.} Ne5 9. g5 hxg5 10. hxg5 Nfg4 11. Be2 Qb6 (11... Nh2 $5) 12. Na4 $146 (12. f3 Nh2 13. Be3 Qxb2 14. Kd2 d5 15. Rb1 Qa3 16. Rb3 Qa5 17. exd5 Bc5 18. Kc1 {0-1 Perez Ponsa,F (2532)-Bortnyk,O (2605) Titled Tuesday intern op 28th Feb Late blitz 2023 (5)}) 12... Qa5+ 13. Nc3 d5 14. f4 {[%emt 0:04:16] [#]} (14. Rxg4 $2 Rh1+ 15. Bf1 Bxg4 $19) (14. Bxg4 $2 Bxg4 15. f3 Bc5 $19) (14. Nb3 Qb6 15. Qd4 (15. Bxg4 $2 Bxg4 16. Be3 Qd8 $19) 15... Qxd4 16. Nxd4 Bc5 $15) 14... Bb4 {[%emt 0:00:33][%cal Od5e4] ...dxe4! would now be deadly.} 15. fxe5 {[%emt 0:10:30] aiming for g6.} Bxc3+ 16. bxc3 Qxc3+ 17. Qd2 Qxa1 18. e6 Ne5 (18... Bxe6 $11 {remains equal.} 19. Nxe6 (19. Bxg4 $2 Bxg4 20. Nb3 Qe5 $19) 19... fxe6 20. Bxg4 dxe4) 19. Nb3 $36 {[%emt 0:02:13][%mdl 2048] White has strong initiative. Chess con chili.} Qb1 $2 {[%emt 0:07:50] This costs Black the game.} (19... Qxa2 $16 {was necessary.} 20. exd5 Qa4 (20... fxe6 21. Qc3 $16)) 20. Qf4 (20. exd5 $142 O-O (20... Qxa2 $2 {is the wrong capture.} 21. Qf4 $18) (20... fxe6 21. Qd4 $16) 21. Qd4) 20... Bxe6 $18 21. Qxe5 dxe4 $2 (21... O-O-O 22. Qb2 Qxb2 23. Bxb2 Rh4 24. Bxg7 Rg8) 22. g6 {[%emt 0:04:51] [#] gxf7+ would kill now. White is clearly winning.} ({Weaker is} 22. Qxg7 O-O-O 23. Qb2 Qxb2 24. Bxb2 Rh7 $16) 22... O-O-O 23. gxf7 (23. Qxg7 $2 Bxb3 (23... Qxc2 24. gxf7 Qxa2 25. Nd4 $15) 24. Qb2 Bxa2 $19 (24... Qxc2 25. Bg4+ Kc7 26. axb3 $11)) 23... Rh6 24. Rf1 (24. Rxg7 $142 Rf8 25. Qd6 (25. Qxe4 Bxb3 26. Qe8+ Kc7 $18) (25. Kf2 Rxf7+ 26. Rxf7 Bxf7 $18) 25... Rh1+ 26. Kd2 (26. Bf1 Rxf1+ 27. Kxf1 Rxf7+ 28. Rxf7 Bxf7 $18)) 24... Rf8 25. Qd6 {[%emt 0:01:50] Weighted Error Value: White=0.40/Black=1.05  Loses game:     	---       	Black=1      Mistake:       	White=1     	Black=2      Inaccurate:     	White=1     	Black=1      OK:         	White=3     	Black=5      Best:        	White=4     	Black=4} 1-0

[Event "AUT Bundesliga 2024-25"]
[Site "Austria"]
[Date "2025.04.02"]
[Round "6.36"]
[White "Saric, Ante"]
[Black "Platzgummer, Fabian"]
[Result "1-0"]
[Annotator "TA"]
[ECO "B44"]
[WhiteElo "2490"]
[BlackElo "2294"]
[PlyCount "115"]
[EventDate "2024.08.28"]
[EventType "team-tourn"]
[EventCountry "AUT"]
[SourceTitle "playchess.com"]
[Source "ChessBase"]
[SourceQuality "1"]
[TimeControl "40/5400+30:1800+30"]

1. Nf3 Nf6 2. c4 c5 3. Nc3 Nc6 4. d4 cxd4 5. Nxd4 e6 6. e4 Bc5 {[%emt 0:02:14] B44: Sicilian: Taimanov: 5 Nb5.} 7. Nb3 {[%emt 0:00:59] 7.Nc2 is the modern continuation.} Be7 8. Bf4 d6 {[%emt 0:06:40] The position is equal.} 9. Be2 O-O 10. Qd2 $146 (10. O-O b6 11. Qd2 h6 12. Rad1 e5 13. Bg3 Bb7 14. Qe3 g5 15. c5 bxc5 16. Nxc5 {1-0 Pogliano,S (2012)-Vada,R (1653) Gallarate Ricciardi op 18th 2014 (1)}) 10... b6 11. Rd1 Ne5 12. Qd4 Bb7 13. Bxe5 dxe5 14. Qxe5 Qb8 15. Qxb8 Raxb8 16. f3 e5 17. Kf2 Rfd8 18. Nd5 Bd6 19. Rd2 Bc6 20. Nxf6+ gxf6 21. Rhd1 Be7 22. Rxd8+ Bxd8 23. Nc1 {[%emt 0:07:41] White is more active.} Be7 24. Nd3 Rd8 25. Rc1 Bc5+ (25... a5 $16) 26. Nxc5 $18 bxc5 {[%emt 0:00:01][%mdl 4096] Endgame KRB-KRB. White is a pawn up.} 27. Rc3 Rd7 (27... Rb8 $16 28. b3 Kf8) 28. Ra3 Rc7 29. Ra6 Kf8 30. a3 Ke7 31. b4 Bd7 32. Ke3 Be6 33. bxc5 Bc8 34. Ra5 a6 35. Bd1 Ra7 (35... Be6 36. Be2 (36. Rxa6 Rxc5 37. Be2 Bxc4 $16) 36... Ra7) 36. Ba4 Kd8 37. f4 Kc7 (37... exf4+ 38. Kxf4 Be6) 38. c6 {[%emt 0:02:10] [#]} Kb6 39. Rd5 Be6 40. fxe5 fxe5 41. Rxe5 Bxc4 42. Rh5 Bb5 43. Bc2 Rc7 44. Bb3 (44. Rxh7 Rxc6 45. Bd1 Rc3+ 46. Kf4 Bf1 47. Rxf7 Bxg2 $16) 44... f6 45. a4 Bxc6 (45... Bf1 46. Bd5 Bxg2) 46. a5+ Kb7 47. Bg8 Bd7 48. Rxh7 Kc6 49. Kf4 Kd6 50. Rf7 Ke6 51. Rg7+ Kd6 52. h4 Rc5 (52... Rc1 {might work better.} 53. h5 Rf1+ 54. Kg3 Rh1) 53. Bf7 {[%emt 0:00:00] [#]} Rxa5 54. h5 {[%emt 0:00:00] aiming for h6.} Ra1 55. h6 Rf1+ 56. Kg3 f5 57. h7 f4+ 58. Kh2 {[%emt 0:00:00] Weighted Error Value: White=0.17 (very precise) /Black=0.58  Mistake:       	---       	Black=6      Inaccurate:     	White=3     	Black=7      OK:         	White=25    	Black=15     Best:        	White=3     	---} 1-0

[Event "AUT Bundesliga 2024-25"]
[Site "Austria"]
[Date "2025.04.03"]
[Round "7.1"]
[White "Saric, Ivan"]
[Black "Parligras, Mircea-Emilian"]
[Result "1/2-1/2"]
[Annotator "TA"]
[ECO "A13"]
[WhiteElo "2659"]
[BlackElo "2507"]
[PlyCount "154"]
[EventDate "2024.08.28"]
[EventType "team-tourn"]
[EventCountry "AUT"]
[SourceTitle "playchess.com"]
[Source "ChessBase"]
[SourceQuality "1"]
[TimeControl "40/5400+30:1800+30"]

1. Nf3 d5 2. g3 Nf6 3. Bg2 c5 4. O-O e6 5. c4 d4 6. e3 Nc6 {[%emt 0:00:24] A13: English Opening: 1...e6.} 7. d3 Bd6 8. Na3 O-O 9. exd4 cxd4 10. Nc2 e5 11. Re1 Re8 12. Bg5 Bf5 13. Nh4 Bd7 14. Qf3 $146 (14. a3 h6 15. Bd2 Bg4 16. Qb1 Qd7 17. b4 Rac8 18. b5 Nb8 19. Nb4 g5 20. Nf3 {0-1 Sirosh,I (2372)-Pavlov,S (2496) Riga Tech op 8th 2018 (4)}) 14... Bg4 15. Qxg4 {[%emt 0:02:09] A sharp opening} Nxg4 16. Bxd8 Raxd8 17. Re2 Nf6 18. Rae1 g6 19. Kf1 Kf8 20. c5 Bc7 (20... Bxc5 $11 21. Bxc6 bxc6) 21. Bxc6 $1 $16 bxc6 22. Nb4 Re6 23. Na6 $1 Nd5 24. Nf3 Ba5 {[%emt 0:00:42] Prevents a3.} 25. Rc1 Rde8 26. Ng5 R6e7 27. Nxh7+ Kg7 28. Ng5 f5 (28... Rh8 $142) 29. Rc4 $1 Kf6 30. h4 Rb7 (30... Kg7 $16 {was called for.} 31. Ra4 Bd8) 31. Ra4 Bc3 32. bxc3 Nxc3 33. Rb4 Rxb4 34. Nxb4 Nxe2 35. Kxe2 Rb8 36. Nxc6 Rc8 37. Na5 (37. Nh7+ Kg7 38. Nxe5 (38. Nxa7 Rc7 $15) 38... Rxc5 $17) 37... Rxc5 38. Nc4 e4 39. a4 Rc7 40. Kd2 Re7 41. a5 Re8 42. Ke2 Kg7 43. Nd6 Re5 44. dxe4 fxe4 45. Ngxe4 Rxa5 46. Kd3 Ra1 47. Kxd4 a5 48. Kc4 Rb1 49. Nc3 Rb4+ 50. Kc5 Rb2 51. Nde4 Kf7 52. Kc4 Kg7 53. Kd3 Kh6 54. f3 Kh5 55. Nd6 Rb4 {[%emt 0:02:53] [#]} 56. Nf7 (56. Ne8 $1 $16) 56... Rb7 $2 (56... a4 $11 {and Black stays safe.}) 57. Ne5 Rb3 58. Nc6 (58. Nd7 $18) 58... a4 $14 59. Nd4 Rb4 60. Ncb5 g5 61. hxg5 $1 Kxg5 {[%emt 0:00:02] [#]} 62. Nc3 {[%emt 0:00:30] Dodges Rb1} (62. Na3 $1 $16) 62... Kh5 $11 63. Nc2 Rb3 64. Nd4 Rb4 65. Ndb5 Rb2 66. Na3 Rg2 (66... Rb3 $11) 67. Ne2 $14 {[%emt 0:00:21] White wants to mate with Nf4+.} (67. Nxa4 Ra2 $11 (67... Rxg3 68. Ke4 $11)) 67... Kg5 68. Nc4 {[%emt 0:00:41] and Nc3 should not be overlooked} Rh2 ({Black should try} 68... Rf2 $14) 69. Nd2 ({White should play} 69. Kd2 $16) 69... a3 $11 {[%emt 0:00:18] The position is equal.} 70. Ne4+ Kf5 {[%emt 0:00:24][%cal Oh2e2] and ...Rxe2! should not be overlooked} 71. N4c3 Rh1 72. Nd4+ Kg6 73. g4 Rg1 74. Nc2 Kg5 75. Nxa3 Rxg4 76. Ne4+ Kf4 77. fxg4 Kxg4 {[%emt 0:00:36] White really could win this.   Weighted Error Value: White=0.11 (very precise) /Black=0.15 (very precise)   Loses game:     	---       	Black=1      Mistake:       	White=4     	Black=5      Inaccurate:     	White=2     	Black=3      OK:         	White=30    	Black=34     Best:        	White=3     	Black=6      Strong:       	White=3     	---} 1/2-1/2

[Event "AUT Bundesliga 2024-25"]
[Site "Austria"]
[Date "2025.04.03"]
[Round "7.2"]
[White "Kozul, Zdenko"]
[Black "Brkic, Ante"]
[Result "1/2-1/2"]
[Annotator "TA"]
[ECO "D38"]
[WhiteElo "2507"]
[BlackElo "2586"]
[PlyCount "60"]
[EventDate "2024.08.28"]
[EventType "team-tourn"]
[EventCountry "AUT"]
[SourceTitle "playchess.com"]
[Source "ChessBase"]
[SourceQuality "1"]
[TimeControl "40/5400+30:1800+30"]

1. d4 Nf6 2. c4 e6 3. Nf3 d5 4. Nc3 Bb4 5. Bg5 h6 6. Bxf6 Qxf6 7. e3 O-O 8. Rc1 dxc4 9. Bxc4 c5 10. O-O cxd4 11. Nxd4 Bd7 {[%emt 0:01:53] D38: Queen's Gambit Declined: Ragozin Defence (4 Nf3 Bb4).} 12. Qb3 {[%emt 0:02:24] The position is equal.} Nc6 13. Nxc6 Bxc3 14. Qxb7 Bxc6 15. Qxc6 Bxb2 16. Rc2 Rac8 17. Qa4 Rc7 18. Bd3 Rxc2 {[%emt 0:00:08] Opposite bishops and equal position} 19. Qxc2 Qc3 20. Qxc3 Bxc3 $11 {[%emt 0:00:03][%mdl 4096] Endgame KRB-KRB} 21. a4 Rb8 22. Rb1 Rxb1+ 23. Bxb1 {[%emt 0:00:05] KB-KB} Kf8 $146 (23... a5) 24. Kf1 Ke7 25. Bd3 a5 26. Ke2 Bb4 27. g4 g5 28. h3 Bc3 29. Bb5 Bb4 30. Bd3 Bc3 {[%emt 0:00:02] A rather calm draw.   Weighted Error Value: White=0.02 (flawless) /Black=0.00 (flawless)   OK:         	White=6     	Black=10} 1/2-1/2

[Event "AUT Bundesliga 2024-25"]
[Site "Austria"]
[Date "2025.04.03"]
[Round "7.3"]
[White "Martinovic, Sasa"]
[Black "Mohr, Georg"]
[Result "1/2-1/2"]
[Annotator "TA"]
[ECO "C41"]
[WhiteElo "2549"]
[BlackElo "2385"]
[PlyCount "85"]
[EventDate "2024.08.28"]
[EventType "team-tourn"]
[EventCountry "AUT"]
[SourceTitle "playchess.com"]
[Source "ChessBase"]
[SourceQuality "1"]
[TimeControl "40/5400+30:1800+30"]

1. d4 d6 2. e4 Nf6 3. Nc3 e5 4. Nf3 Nbd7 5. a4 Be7 6. a5 {[%emt 0:00:06] C41: Philidor Defence.} O-O 7. Be2 Re8 8. O-O {[%emt 0:00:10] White is slightly better.} a6 $146 (8... exd4 9. Nxd4 Bf8 10. a6 Nc5 11. axb7 Bxb7 12. Bb5 Re7 13. Nc6 Bxc6 14. Bxc6 Rb8 {1-0 Brunello,S (2514)-Lorscheid,G (2152) Hoogeveen op 27th 2024 (7)}) 9. Re1 h6 10. Bf1 Bf8 11. d5 c6 12. b4 c5 (12... Qc7 $11) 13. Ba3 $1 $16 b5 14. axb6 {[%emt 0:01:18][%csl Of8] Black has a bad bishop} cxb4 15. Bxb4 Qxb6 16. Ba5 Qa7 17. Nd2 Nc5 18. Nc4 Rb8 {[%emt 0:03:29] Against Bb6} 19. Qe2 Bd7 20. Reb1 Bb5 21. Nxb5 Rxb5 22. Bb6 Qb8 {[%emt 0:03:46] [#]} ({Black should play} 22... Qb7 $14) 23. Rxb5 $1 axb5 24. Bxc5 bxc4 25. Ba7 (25. Ba3 $16) 25... Qb2 26. Ra6 ({White should try} 26. Ra4 $14) 26... Rc8 $11 27. f3 Qb7 28. Ra5 Be7 {[%emt 0:04:16][%cal Bf8e7,Be7d8,Bd8b6][%mdl 32] And now ...Ra8 would win.} 29. Be3 {[%emt 0:01:20] Ra7 would now be deadly.} Bd8 30. Ra7 Qb5 31. Kh1 Nd7 32. g3 Bb6 33. Rb7 (33. Rxd7 $14 Bxe3 34. Rxd6) 33... Nc5 34. Bxc5 Qxc5 35. Kg2 {[%emt 0:00:05] Active counter play!} h5 36. Kh3 Ba5 37. f4 {[%emt 0:01:03] [#]} (37. Kg2 $11) 37... exf4 $1 $17 38. Qxh5 Rf8 (38... g6 {simplifies} 39. Qf3 Rf8 40. Rb1 Qg1) 39. Kg2 fxg3 40. hxg3 Bc3 41. Qe2 Rc8 42. Qh5 Rf8 43. Qe2 {[%emt 0:00:05] Weighted Error Value: White=0.14 (very precise) /Black=0.14 (very precise)   Mistake:       	White=4     	Black=2      Inaccurate:     	White=1     	Black=3      OK:         	White=11    	Black=11     Best:        	White=4     	Black=4      Strong:       	White=2     	Black=1} 1/2-1/2

[Event "AUT Bundesliga 2024-25"]
[Site "Austria"]
[Date "2025.04.03"]
[Round "7.4"]
[White "Schnider, Gert"]
[Black "Bosiocic, Marin"]
[Result "0-1"]
[Annotator "TA"]
[ECO "B15"]
[WhiteElo "2368"]
[BlackElo "2522"]
[PlyCount "104"]
[EventDate "2024.08.28"]
[EventType "team-tourn"]
[EventCountry "AUT"]
[SourceTitle "playchess.com"]
[Source "ChessBase"]
[SourceQuality "1"]
[TimeControl "40/5400+30:1800+30"]

1. e4 c6 2. d4 d5 3. Nd2 dxe4 4. Nxe4 Nf6 5. Nxf6+ exf6 6. c3 Bd6 7. Bd3 O-O 8. Qc2 Re8+ {[%emt 0:00:05] B15: Caro-Kann: 3 Nc3: 3...g6 and 3...dxe4 4 Nxe4 Nf6 5 Nxf6+ exf6.} 9. Ne2 h5 10. Be3 Nd7 {[%emt 0:00:08][%cal Of6f5] White has an edge.} 11. O-O-O b5 $1 {[%emt 0:00:08][%mdl 4] now scores much better than the old 11...Nf8.} 12. d5 c5 13. Bxb5 Rb8 {[%emt 0:00:14] Black sacrificed a pawn} (13... a6 $14 14. Ba4 Re7) 14. c4 $16 g6 15. Nc3 (15. Rhe1 $16) 15... a6 $146 (15... Re7 $1 $11) (15... Rxe3 16. fxe3 Ne5 17. Ne4 Bf5 18. Rhf1 Bxe4 19. Qxe4 f5 20. Qc2 a6 21. Bxa6 Ra8 {½-½ Kamalidenova,M (2342)-Kosakowski,J (2479) Alicante Easter op 7th 2023 (6)}) 16. Ba4 $1 Rxe3 17. fxe3 Ne5 18. Ne4 ({Better is} 18. b3 $1 $16) 18... Bf5 $14 19. Rhf1 Bxe4 (19... Ng4 20. Rxf5 gxf5 21. Nxd6 Qxd6 22. Qe2 $16 (22. Qxf5 Nxe3 23. Qf3 Nxd1 $17)) 20. Qxe4 Rb4 21. b3 f5 22. Qc2 {[%emt 0:01:03] a3 is the strong threat.} Ng4 23. Rfe1 Qg5 24. g3 (24. Rd3 $14) 24... Nxe3 $11 25. Rxe3 Qxe3+ 26. Qd2 {[%emt 0:01:22] White is weak on the dark squares} Qe5 27. Kc2 Qe4+ 28. Kc1 Rb8 29. Re1 Qg4 {[%emt 0:00:00] Black is more active.} 30. Qe2 {[%emt 0:08:54] Black keeps a firm grip on the game.} Qg5+ 31. Qd2 f4 32. Kc2 (32. Re4 $17 {was worth a try.}) 32... Qf5+ $19 33. Qd3 Qxd3+ (33... fxg3 34. Qxf5 gxf5 35. hxg3 $15) 34. Kxd3 fxg3 35. hxg3 Bxg3 {[%emt 0:00:00][%mdl 4096] Endgame KRB-KRB. Black is a pawn up.} 36. Re7 {[%emt 0:00:52] [#]} h4 $1 37. Bd7 Kf8 38. Re3 f5 39. Ke2 Bf4 40. Re6 (40. Rf3 {was the only defense.} Bd6 41. Kf2) 40... h3 {[%emt 0:00:00] Hoping for ...h2.} 41. Kf3 {[%emt 0:01:25] [#]} h2 $1 42. Kg2 Rb7 43. Bc8 (43. Re8+ $17 Kf7 44. Bc6) 43... Rh7 44. Kh1 Rh3 45. Bxa6 (45. Rxg6 $2 {too greedy.} Rd3 $19) 45... Rc3 {[%emt 0:00:00] ( -> ...Rc1+)} 46. Re1 Bg3 47. Rd1 Ke7 48. Bc8 Kd6 49. Be6 f4 50. Bg4 (50. Kg2) 50... f3 51. a4 f2 {[%emt 0:00:00][%cal Og3e5] ( -> ...Be5!)} 52. a5 Be5 {[%emt 0:00:00] Weighted Error Value: White=0.42/Black=0.13 (very precise)   Mistake:       	White=7     	Black=2      Inaccurate:     	White=4     	Black=2      OK:         	White=14    	Black=22     Best:        	White=3     	Black=4      Strong:       	White=1     	Black=2} 0-1

[Event "AUT Bundesliga 2024-25"]
[Site "Austria"]
[Date "2025.04.03"]
[Round "7.5"]
[White "Livaic, Leon"]
[Black "Fahrner, Kurt"]
[Result "1-0"]
[Annotator "TA"]
[ECO "B06"]
[WhiteElo "2536"]
[BlackElo "2266"]
[PlyCount "69"]
[EventDate "2024.08.28"]
[EventType "team-tourn"]
[EventCountry "AUT"]
[SourceTitle "playchess.com"]
[Source "ChessBase"]
[SourceQuality "1"]
[TimeControl "40/5400+30:1800+30"]

1. d4 d6 2. e4 g6 3. Nc3 Bg7 4. Be3 a6 5. f4 b5 6. Nf3 {[%emt 0:01:14] B06: Modern Defence.} Nd7 7. e5 Nh6 8. Bd3 {[%emt 0:01:03] White is slightly better.} Nb6 9. Qe2 Bf5 $146 (9... O-O 10. O-O-O b4 11. Ne4 Nd5 12. Bd2 c6 13. h4 Bg4 14. h5 Bxh5 15. Rxh5 gxh5 {1-0 Povchanic,D (2471)-Irzhanov,T (2433) olm17 qual GP3 B4 email 2006}) 10. O-O-O d5 11. h3 Qd7 12. g4 Bxd3 13. Qxd3 f5 14. Nh4 (14. g5 $142 Ng8 15. h4) 14... e6 $16 15. Rdg1 Bf8 16. gxf5 gxf5 17. Kb1 O-O-O 18. Bf2 Be7 19. Qe2 Rdg8 20. Qh5 Bf8 21. Nf3 {[%emt 0:04:13] White has more active pieces. The black rooks are passive.} Qf7 22. Qxf7 (22. Qh4 {is more complex.} Nc4 23. Ne2 Rxg1+ 24. Rxg1 Rg8 25. Rxg8 Qxg8 26. Qg5) 22... Nxf7 23. Bh4 {[%emt 0:00:12] [#]} Rg6 24. Bf6 (24. Rxg6 $1 $14 hxg6 25. Ne2) 24... Rhg8 $11 25. Rxg6 hxg6 (25... Rxg6 $11 26. Ng5 Nxg5 27. fxg5 Nd7) 26. Ng5 $14 Nxg5 27. fxg5 Bg7 $2 {[%emt 0:01:07] Loses the game.} ({Black should play} 27... Nc4 $14) 28. Ne2 $18 Bxf6 29. exf6 {[%emt 0:00:15][%mdl 4096] Endgame KRN-KRN} ({Not} 29. gxf6 Nd7 $16) 29... Nc4 $2 (29... Nd7 {was necessary.} 30. Nf4 Nf8) 30. Nf4 {[%emt 0:00:24][%cal Of4g6] Strongly threatening Nxg6!. White is clearly winning.} Nd2+ (30... Kd7 $142 31. h4 Nd2+ 32. Ka1 Ke8) 31. Kc1 Ne4 {[%emt 0:00:10] [#]} 32. Nxg6 $1 Nxf6 (32... Rd8 33. f7) 33. Ne7+ Kd7 34. Nxg8 Nxg8 35. h4 {[%emt 0:00:04] Weighted Error Value: White=0.11 (very precise) /Black=0.51  Loses game:     	---       	Black=1      Mistake:       	White=2     	Black=3      Inaccurate:     	---       	Black=1      OK:         	White=8     	Black=8      Best:        	White=1     	Black=1} 1-0